[Event "Sautron op 13th"]
[Site "Sautron"]
[Date "2013.11.01"]
[Round "8"]
[White "Roiz, Michael"]
[Black "Avrukh, Boris"]
[Result "1/2-1/2"]
[ECO "D79"]
[WhiteElo "2614"]
[BlackElo "2576"]
[Annotator "RR"]
[PlyCount "54"]
[EventDate "2013.10.26"]
[EventType "swiss"]
[EventRounds "9"]
[EventCountry "FRA"]
[SourceTitle "EXT 2014"]
[Source "ChessBase"]
[SourceDate "2013.11.20"]
[SourceVersion "1"]
[SourceVersionDate "2013.11.20"]
[SourceQuality "1"]
[TimeControl "40/5400+30:1800+30"]
[WhiteClock "1:30:00"]
[BlackClock "1:30:00"]

1. d4 Nf6 2. c4 g6 3. g3 c6 4. Bg2 d5 5. Nf3 Bg7 6. cxd5 cxd5 7. O-O O-O 8.
Ne5 Ng4 9. Nf3 Nf6 10. Nc3 e6 11. Ne5 Nfd7 12. Nf3 Nf6 13. Ne5 Nfd7 14. f4 Nc6 15. Be3 f6 16. Nf3 Nb6 17. b3 Bd7 18. Bf2 (18. Bc1 f5 19. Ba3 Re8 20. Rc1 Bf8 21. Bxf8 Rxf8 22. Ne5 Qe7 23. e3
Nc8 24. Qd2 Nd6 25. Ne2 Rfc8 26. Rc2 Rc7 27. Rfc1 Rac8 28. Nxc6 Bxc6 29. Nc3
Kf8 30. Bf1 Ke8 31. Bd3 Kd8 32. a4 Be8 33. Ne2 Rxc2 34. Rxc2 Rxc2 35. Qxc2 {
1/2-1/2 (31) Mchedlishvili,M (2659)-Van Wely,L (2691) Istanbul 2012}) 18... f5 19. Rc1 Qe7 20. e3 Nc8 21. h3 Nd6 22.
g4 Rfc8 $146 {[%emt 0:09:23] Une longue suite théorique qui
va conduire à une nulle rapide.} (22... Rac8 23. Bh4 Bf6 24. Bxf6 Qxf6 25. Ne5
Qe7 26. Kh2 Nxe5 27. dxe5 Nb5 28. Ne2 Rxc1 29. Qxc1 Rc8 30. Qd2 a6 31. gxf5
gxf5 32. Bf3 Kh8 33. Rg1 Rg8 34. Rxg8+ Kxg8 35. Qa5 Be8 36. Qb6 Bf7 37. a4 Qc7
38. Qxc7 Nxc7 39. a5 Nb5 40. Kg3 Kf8 41. Kh4 Be8 42. Nc1 Na7 43. Nd3 Bd7 44. b4
Nc6 45. Bd1 Kg7 46. Kg5 h6+ 47. Kh5 Be8+ 48. Kh4 Bd7 49. Kg3 Kf8 50. Kf2 Ke7
51. Ke1 d4 52. Kd2 {Baburin,A (2495)-Wojtkiewicz,A (2570) Vienna 1995 1-0 (66)}
) 23. Kh1 Be8 24. Bh4 Bf6 25. Bxf6 Qxf6 26. Ne5 (26. g5 Qe7 27. Kh2 Ne4 28. Nxe4 dxe4 29. Ne5 Nxe5) 26... Rc7 27. Qd2 Rac8 {[%emt 0:02:53] Les temps de
réflexion permettrent néanmoins de voir que la partie a été disputée.}
1/2-1/2